Get step-by-step instructions on how to execute this build order below. Start the game timer, and the build order will tick by so you can play in parallel with StarCraft on a second screen or mobile device.

Game Time

  0:00

Last Step

  N/A

Next Step

Upcoming Step



Don't want to look back and forth between 2 screens? Try out our Overwolf App, the Spawning Tool Build Advisor to get an in-game overlay with this build!

Complete Build Order

  12  0:00  Drone  
  13  0:08  Drone  
  14  0:18  Overlord  
  14  0:48  Hatchery  
  13  0:52  Drone  
  13  0:53  Drone  
  15  1:05  Drone x2  
  17  1:21  Extractor, Spawning Pool  
  15  1:28  Drone x2  
  17  1:36  Drone  
  18  1:47  Drone  
  19  2:06  Drone  
  19  2:07  Drone  
  21  2:09  Queen  
  21  2:10  Queen  
  25  2:18  Overlord  
  25  2:24  Metabolic Boost  
  25  2:28  Drone  
  26  2:32  Drone  
  26  2:35  Drone  
  28  2:40  Overlord  
  28  2:46  Drone  
  29  2:53  Zergling x2  
  29  2:54  Overlord  
  29  2:55  Zergling x2  
  29  2:57  Drone  
  32  3:04  Evolution Chamber  
  31  3:06  Zergling x2  
  31  3:07  Drone  
  33  3:15  Zergling x2  
  33  3:16  Zergling x2  
  35  3:21  Zergling x2, Overlord  
  35  3:23  Zergling x2  
  35  3:25  Zergling x2  
  38  3:28  Drone  
  38  3:32  Zerg Melee Weapons Level 1  
  39  3:34  Zergling x2  
  39  3:38  Zergling x2  
  39  3:39  Zergling x2  
  42  3:42  Zergling x2  
  42  3:47  Zergling x2  
  44  3:55  Zergling x6  
  46  4:03  Baneling Nest  
  44  4:11  Zergling x4  
  44  4:12  Zergling x4  
  44  4:13  Zergling x2  
  41  4:25  Zergling x2  
  41  4:29  Drone  
  43  4:33  Zergling x2  
  43  4:34  Zergling x2  
  44  4:48  Baneling x7  
  44  4:49  Baneling x3  
  44  4:52  Zergling x2  
  45  4:54  Drone  
  45  5:10  Zergling x6  
  45  5:11  Drone x2, Zergling x2  
  45  5:12  Zergling x4  
  45  5:13  Hatchery  
  49  5:24  Zergling x2  
  49  5:25  Drone  
  51  5:34  Drone x2  
  51  5:35  Drone, Zergling x6  
  50  6:03  Zergling x8  
  54  6:04  Drone  
  54  6:05  Drone  
  55  6:13  Zergling x2  
  56  6:25  Baneling x3  
  54  6:26  Baneling  
  45  6:33  Zergling x4  
  45  6:34  Drone  
  45  6:35  Drone x2  
  45  6:36  Drone  
  45  6:38  Lair  
  49  6:49  Zergling x8  
  49  6:50  Drone x3  
  56  7:02  Drone x2  
  56  7:04  Drone x2  
  56  7:05  Extractor  
  56  7:06  Drone  
  60  7:09  Spine Crawler  
  60  7:10  Spine Crawler  
  60  7:11  Drone  
  58  7:20  Baneling x4  
  58  7:21  Drone x2  
  60  7:24  Extractor  
  60  7:26  Drone, Extractor  
  59  7:34  Drone  
  59  7:36  Overlord x2  
  60  7:37  Overlord  
  58  7:44  Drone  
  53  8:06  Drone x2  
  53  8:08  Spire  
  53  8:15  Zergling x10  
  53  8:16  Zergling x8  
  59  8:24  Zergling x4  
  61  8:37  Baneling  
  61  8:38  Baneling x2  
  61  8:41  Zergling x2  
  61  8:42  Zergling x4  
  64  8:58  Hatchery  
  64  9:02  Zergling x4  
  65  9:03  Zergling x12  
  57  9:26  Mutalisk x7  
  68  9:31  Hatchery  
  68  9:35  Spine Crawler  
  68  9:36  Spine Crawler  
  68  9:37  Hatchery, Mutalisk x3  
  70  9:39  Spine Crawler, Zergling x4  
  63  9:55  Mutalisk x2  
  43  10:48  Spire  
  43  10:49  Drone  
  43  10:53  Drone  
  36  11:16  Drone x3  
  36  11:17  Drone x2  
  41  11:19  Overlord  
  41  11:22  Drone x4  
  41  11:23  Drone x5  
  50  11:37  Drone x4  
  41  11:53  Drone x4  
  45  11:55  Spine Crawler  
  45  11:56  Spine Crawler x2  
  45  11:58  Spine Crawler  
  45  11:59  Spine Crawler x2  
  39  12:03  Drone x3  
  39  12:05  Drone x4  
  39  12:06  Drone  
  47  12:16  Spine Crawler  
  47  12:17  Spine Crawler  
  47  12:21  Drone x3, Mutalisk  
  50  12:23  Drone x4  
  50  12:24  Drone x2  
  56  12:50  Drone x5  
  56  12:51  Drone x4  
  63  13:10  Drone x2  
  65  13:13  Extractor  
  62  13:24  Mutalisk  
  62  13:25  Drone x3  
  62  13:26  Drone x6, Overlord  
  71  13:39  Drone x3  
  71  13:40  Drone  
  75  13:42  Extractor x2  
  75  13:44  Extractor  
  75  13:45  Extractor  
  75  13:48  Infestation Pit  
  70  14:00  Drone x2  
  70  14:01  Drone x4  
  76  14:13  Drone x3  
  76  14:14  Mutalisk x3  
  81  14:34  Drone x4  
  85  14:40  Hatchery  
  85  14:41  Hive, Corruptor x2  
  85  14:43  Zergling x6  
  85  14:44  Drone x2  
  93  14:51  Hatchery  
  92  15:05  Mutalisk x4  
  88  15:17  Drone x4  
  88  15:18  Drone x2, Corruptor x2  
  98  15:25  Overseer x2  
  98  15:27  Pneumatized Carapace  
  98  15:30  Spore Crawler  
  98  15:32  Spine Crawler  
  93  15:39  Drone x4  
  97  15:47  Mutalisk x3  
  97  15:49  Overlord x3  
  103  16:03  Drone  
  103  16:04  Drone x3, Spine Crawler  
  107  16:05  Mutalisk x2  
  110  16:11  Greater Spire  
  110  16:16  Spire  
  110  16:17  Drone x2  
  111  16:22  Mutalisk  
  111  16:23  Mutalisk x2  
  111  16:25  Drone x2  
  119  16:34  Drone x3  
  119  16:35  Drone x5  
  127  16:40  Spine Crawler x3  
  127  16:42  Spore Crawler  
  127  16:46  Drone  
  127  16:47  Drone x2  
  121  16:51  Spine Crawler  
  115  16:54  Drone  
  115  16:55  Spine Crawler  
  115  17:00  Spine Crawler  
  115  17:01  Spine Crawler, Spore Crawler x2  
  107  17:03  Spine Crawler  
  88  17:20  Drone x3  
  87  17:41  Mutalisk x4  
  87  17:42  Mutalisk, Corruptor x4  
  105  17:50  Drone x2  
  105  17:56  Drone  
  102  18:05  Brood Lord x4, Corruptor  
  109  18:06  Corruptor  
  109  18:08  Drone  
  109  18:10  Hatchery  
  113  18:19  Spine Crawler  
  110  18:21  Drone  
  110  18:25  Drone x4  
  107  18:55  Mutalisk x4  
  107  18:56  Corruptor x2  
  107  18:57  Drone x3  
  107  18:58  Drone x2  
  102  19:06  Corruptor  
  98  19:12  Corruptor  
  98  19:15  Drone x3  
  95  19:18  Brood Lord  
  95  19:19  Brood Lord  
  95  19:21  Drone  
  89  19:24  Spine Crawler  
  89  19:25  Spine Crawler  
  89  19:26  Extractor, Spine Crawler x2  
  89  19:29  Spine Crawler  
  89  19:30  Spine Crawler x2  
  73  19:31  Spine Crawler, Spore Crawler  
  70  19:39  Zerg Flyer Weapons Level 1  
  68  20:04  Corruptor x2  
  68  20:06  Drone  
  69  20:13  Drone  
  70  20:20  Drone x2  
  73  20:35  Drone  
  73  20:44  Extractor  
  72  20:58  Brood Lord x2  
  72  20:59  Brood Lord  
  72  21:01  Drone  
  72  21:03  Drone  
  78  21:21  Brood Lord  
  78  21:22  Corruptor  
  78  21:23  Drone  
  83  21:55  Corruptor x3  
  83  21:56  Drone  
  83  21:57  Drone x2  
  92  22:31  Hatchery